 Dungeon Crawl Stone Soup version 0.31-a0-154-g56bf346678 (webtiles) character file.

Game seed: 17016851927844457118

116 night the Shooter (level 4, -4/39 HPs)
             Began as a Draconian Hunter on June 11, 2023.
             Killed from afar by Sigmund (7 damage)
             ... with a magic dart
             ... on level 3 of the Dungeon.
             The game lasted 00:03:50 (1934 turns).

night the Shooter (Draconian Hunter)                Turns: 1934, Time: 00:03:51

Health: -4/39      AC:  5    Str: 14    XL:     4   Next: 70%
Magic:  0/4        EV: 12    Int:  9    God:
Gold:   164        SH:  0    Dex: 16    Spells: 3/3 levels left

rFire   . . .        a - +0 shortbow
rCold   . . .        (shield currently unavailable)
rNeg    + . .        (body armour unavailable)
rPois   .            (helmet restricted)
rElec   .            (no cloak)
rCorr   .            (no gloves)
SInv    .            (no boots)
Will    .....        m - amulet of guardian spirit
Stlth   ++           g - ring of positive energy
HPRegen 0.26/turn    (no ring)
MPRegen 0.09/turn

%: guardian spirit
@: no status effects
A: AC +5, unfitting armour, cold-blooded
a: no special abilities


You were on level 3 of the Dungeon.
You visited 1 branch of the dungeon, and saw 3 of its levels.

You collected 164 gold pieces.

Inventory:

Hand Weapons
 a - a +0 shortbow (weapon)
Missiles
 f - 44 stones
 j - 5 poisoned darts
Jewellery
 g - a ring of positive energy (left hand)
 m - an amulet of guardian spirit (around neck)
Scrolls
 b - a scroll of butterflies
 c - a scroll of enchant weapon {unknown}
 d - 3 scrolls of identify {unknown}
 e - a scroll of magic mapping {unknown}
 h - a scroll of fog {unknown}
 i - a scroll of fear {unknown}
 k - 3 scrolls of amnesia {unknown}
 n - a scroll of blinking {unknown}
 p - a scroll of immolation {unknown}
 q - a scroll of silence {unknown}
 r - a scroll of noise {unknown}


   Skills:
 + Level 3.6 Fighting
 * Level 5.0 Ranged Weapons
 - Level 1.7 Dodging
 - Level 0.8 Stealth


You had 3 spell levels left.
You didn't know any spells.
Your spell library contained the following spells:

 Spells                   Type           Power      Damage    Failure   Level
 Scorch                   Fire           0%         2d5       52%         2
 Flame Wave               Conj/Fire      0%         2d4       99%         4
 Summon Cactus Giant      Summ           0%         N/A       100%        6


Dungeon Overview and Level Annotations

Branches:
Dungeon (3/15)

Altars:

Annotations:
D:3 Sigmund


Innate Abilities, Weirdness & Mutations

Your plain brown scales are hard. (AC +5)
You cannot fit into any form of body armour.
You are cold-blooded and may be slowed by cold attacks.


Message History

A puff of flame appears from out of thin air!
The puff of flame misses you.
The ball python bites you but does no damage.
The ball python barely misses you.
The ball python attacks as you move away!
The ball python closely misses you.
You are confused.
Things that are here:
12 gold pieces; a +0 short sword You bump into the rock wall.
The ball python bites you but does no damage.
The ball python grabs you. The ball python constricts you.
You escape the ball python's grasp.
The ball python bites you but does no damage.
The ball python grabs you. The ball python constricts you.
You escape the ball python's grasp.
You feel a little less clever now.
The ball python bites you but does no damage.
The ball python completely misses you. Something hits you but does no damage.
You bump into the rock wall.
The ball python closely misses you. The ball python barely misses you.
You feel less confused. Something hits you but does no damage.
The ball python bites you but does no damage.
The ball python closely misses you.
The ball python bites you but does no damage.
The ball python grabs you. The ball python constricts you.
* * * LOW HITPOINT WARNING * * *
Something hits you!
* * * LOW HITPOINT WARNING * * *
As you read the scroll labelled OJO DODEISEDUS, it crumbles to dust.
Wisps of shadow whirl around you...
It was a scroll of summoning.
The ball python bites you but does no damage.
The ball python constricts you.
You escape the ball python's grasp.
The ball python attacks as you move away!
The ball python bites you but does no damage.
A magic dart appears from out of thin air!
The magic dart hits you!
You die...

#############
#.##.##.# .... ..
#.##.##.# #### .#
#....##.# .. #######.#
#. #.#)# #. #.#.# #.##
#.#.# ##o.# ####.#.#
#######
#.J@#########..#...#
......####
#.#S.g..†......#.#.#
####.#...#
###.#....###.......#.#
#.#...#
#....$#{..####.#.###.#
#.###.# ##..#.....##
#.#.# #.. #...).#
#..#.###..###.#)# #.#
#####.####..#.#
#......#.###.#
#.....#<..#.#
#.#........#.#
#####.#)..#.#
#.#......)...#


You could see a ball python (ally target), a friendly orc (summoned), a friendly
endoplasm (summoned) and a friendly hobgoblin (summoned).

Vanquished Creatures
  3 adders
  5 dart slugs
  2 orcs (D:3)
  11 bats
  3 endoplasms
  A giant cockroach (D:2)
  11 goblins
  6 hobgoblins
  4 jackals (D:1)
  2 quokkas (D:1)
  6 ball pythons
  6 frilled lizards
  10 kobolds
  2 rats
72 creatures vanquished.

Notes
Turn   | Place    | Note
-------+----------+-------------------------------------------
     0 | D:1      | night the Draconian Hunter began the quest for the Orb.
     0 | D:1      | Reached XP level 1. HP: 17/17 MP: 1/1
   110 | D:1      | Reached XP level 2. HP: 18/25 MP: 2/2
   169 | D:1      | Reached skill level 4 in Ranged Weapons
   691 | D:1      | Reached XP level 3. HP: 28/30 MP: 3/3
   937 | D:2      | Found a faded altar of an unknown god.
   992 | D:2      | Identified the +0 plate armour "Geazesut" {Dex+3 Stlth+}
  1088 | D:2      | Reached XP level 4. HP: 38/38 MP: 4/4
  1836 | D:3      | Reached skill level 5 in Ranged Weapons
  1884 | D:3      | Noticed Sigmund
  1932 | D:3      | HP: 2/39 [something (6)]
  1934 | D:3      | Killed from afar by Sigmund

Illustrated notes

Levels and vault maps discovered:
D:1:      reono_arrival_mine, layout_basic, st_stairs_14, minmay_tetromino_t4
D:2:      layout_basic, dreamdust_ecumenical_altar_grove
D:3:      layout_basic, general_overflow_altar, uniq_crazy_yiuf_cottage,
          uniq_sigmund

Skill      XL: |  1  2  3  4 |
---------------+-------------+-----
Ranged Weapons | 4 5 |  5.0
Fighting       | 3 |  3.6
Dodging        | |  1.7
Stealth        | |  0.8

Action                     |  1- 3 |  4- 6 || total
---------------------------+-------+-------++-------
   Fire: Shortbow          |   127 |    84 ||   211
    Use: Scroll            |       |     1 ||     1
         Potion            |       |     1 ||     1
 Armour: Skin              |    19 |    20 ||    39
  Dodge: Dodged            |    35 |    23 ||    58

Table legend: (Time is in decaauts)
 A = Elapsed time spent in this place.
 B = Non-inter-level travel time spent in this place.
 C = Inter-level travel time spent in this place.
 D = Time resting spent in this place.
 E = Time spent auto-exploring this place.
 F = Levels seen in this place.
 G = Mean time per level.
                   A        B        C        D        E       F      G
               +--------+--------+--------+--------+--------+-----+--------+
         Total |   1971 |   1923 |     48 |      0 |   1506 |   3 |  657.0 |
       Dungeon |   1971 |   1923 |     48 |      0 |   1506 |   3 |  657.0 |
               +--------+--------+--------+--------+--------+-----+--------+

Top non-repeatable levels by time:
     D:1: 907 daAuts
     D:2: 693 daAuts
     D:3: 370 daAuts
